 Dungeon Crawl Stone Soup version 0.14-a0-1837-g7fb8695 (webtiles) character file.

1274 Mitsuki the Gusty (level 8, -3/46 HPs)
             Began as a High Elf Air Elementalist on Jan 10, 2014.
             Slain by a sky beast (6 damage)
             ... on Level 5 of the Dungeon.
             The game lasted 00:33:06 (6357 turns).

Mitsuki the Gusty (High Elf Air Elementalist)       Turns: 6357, Time: 00:33:07

HP  -3/46        AC  3     Str  8      XL: 8   Next:  2%
MP  24/24        EV 13     Int 20      God:
Gold 253         SH  0     Dex 16      Spells:  5 memorised,  5 levels left

rFire  . . .     SeeInvis .     (no weapon)
rCold  . . .     Clarity  .     a - +0 elf robe
rNeg   . . .     Conserve .     (no shield)
rPois  .         rCorr    .     (no helmet)
rElec  .         rRot     .     s - +0 cloak
SustAb . .       Spirit   .     (no gloves)
rMut   .         Warding  .     (no boots)
Saprov . . .     Stasis   .     (no amulet)
                                (no ring)
                                k - +3,+6 ring of slaying

@: somewhat resistant to hostile enchantments, fairly stealthy
A: no striking features
a: no special abilities


You were on level 5 of the Dungeon.
You were not hungry.

You visited 1 branch of the dungeon, and saw 5 of its levels.

You collected 253 gold pieces.

Inventory:

Armour
 a - a +0 elven robe (worn)
 s - a +0 cloak (worn)
Comestibles
 c - 6 bread rations
 l - 3 meat rations
Scrolls
 d - a scroll of amnesia {unknown}
 f - 2 scrolls of identify
 h - 4 scrolls of remove curse {unknown}
 i - a scroll of noise {unknown}
 p - 3 scrolls of enchant weapon II
 r - a scroll of enchant weapon I {unknown}
 v - a scroll of recharging {unknown}
Jewellery
 k - a +3,+6 ring of slaying (left hand)
Potions
 e - 2 potions of heal wounds {unknown}
 g - 2 potions of mutation {unknown}
 j - 2 potions of restore abilities {unknown}
 m - a potion of flight {unknown}
 n - 2 potions of speed {unknown}
 o - 2 potions of magic {unknown}
 w - a potion of curing
Books
 b - a book of Air

   Spells                             Type                      Level
   *Shock                             Conjuration/Air              1
   *Swiftness                         Charms/Air                   2
   Repel Missiles                     Charms/Air                   2
   *Flight                            Charms/Air                   3
   Static Discharge                   Conjuration/Air              3
   *Lightning Bolt                    Conjuration/Air              5
 q - a book of Geomancy

   Spells                             Type                      Level
   Sandblast                          Earth                        1
   Stoneskin                          Transmutation/Earth          2
   Passwall                           Transmutation/Earth          3
   Stone Arrow                        Conjuration/Earth            3
   Petrify                            Transmutation/Earth          4
   Lee's Rapid Deconstruction         Earth                        5
 u - a book of Flames

   Spells                             Type                      Level
   Flame Tongue                       Conjuration/Fire             1
   Throw Flame                        Conjuration/Fire             2
   *Conjure Flame                     Conjuration/Fire             3
   Inner Flame                        Hexes/Fire                   3
   Sticky Flame                       Conjuration/Fire             4
   Fireball                           Conjuration/Fire             5


   Skills:
 - Level 2.1 Dodging
 - Level 2.1 Stealth
 + Level 0.4 Unarmed Combat
 + Level 6.3 Spellcasting
 + Level 5.0 Conjurations
 + Level 0.4 Fire Magic
 + Level 7.8 Air Magic


You had 5 spell levels left.
You knew the following spells:

 Your Spells              Type           Power        Failure   Level  Hunger
a - Shock                 Conj/Air       ####         1%          1    None
b - Swiftness             Chrm/Air       ###.....     2%          2    None
c - Flight                Chrm/Air       ###.......   8%          3    ##.....
d - Conjure Flame         Conj/Fire      ###.....     12%         3    ##.....
e - Lightning Bolt        Conj/Air       ####......   21%         5    #####..


Dungeon Overview and Level Annotations

Branches:
Dungeon (5/16)
 Temple: D:4-7

Altars:
Makhleb
the Shining One


Message History

You start resting.
There is a strange disturbance nearby!
Deactivating autopickup; reactivate with Ctrl-A.
You miss something. Something hits you. Something shocks you.
You hit something. Something hits you but does no damage.
You miss something. Something hits you but does no damage.
You miss something. Something hits you. Something shocks you!
You miss something. Something hits you. Something shocks you.
Your magical contamination has completely faded away.
You hit something. Something hits you. Something shocks you!
* * * LOW HITPOINT WARNING * * *
You hit something but do no damage. Something hits you.
* * * LOW HITPOINT WARNING * * *
Something shocks you.
* * * LOW HITPOINT WARNING * * *
You barely miss something. Something hits you but does no damage.
You barely miss something. Something hits you.
* * * LOW HITPOINT WARNING * * *
Something shocks you!
You die...

...# #............... #...#
#............... #...#
#............... #...#
#..############# +..I#
#..#............ +##+##...#
#..#............ .........#
#..#...<........
.........#########..##########'#'
..!.............@................
#################################


There were no monsters in sight!

Vanquished Creatures
  A two-headed ogre (D:5)
  A sky beast (D:5)
  2 ogres
  A crimson imp (D:4)
  4 hounds
  6 worker ants
  2 scorpions (D:4)
  An ogre skeleton (D:4)
  5 adders
  A gnoll (D:4)
  A giant mite (D:4)
  3 worms
  A giant eyeball (D:5)
  5 giant geckos
  6 orcs
  10 bats
  A bat skeleton (D:5)
  9 giant cockroaches
  18 goblins
  6 hobgoblins
  5 jackals (D:3)
  2 quokkas
  A ball python (D:1)
  5 giant newts
  A goblin skeleton (D:4)
  19 kobolds
  An orc zombie (D:5)
  7 rats
125 creatures vanquished.

Notes
Turn   | Place    | Note
--------------------------------------------------------------
     0 | D:1      | Mitsuki, the High Elf Air Elementalist, began the quest for the Orb.
     0 | D:1      | Reached XP level 1. HP: 11/11 MP: 4/4
   160 | D:1      | Reached skill level 4 in Air Magic
   448 | D:1      | Reached XP level 2. HP: 13/17 MP: 3/6
   452 | D:1      | Learned a level 2 spell: Swiftness
   988 | D:1      | Reached skill level 5 in Air Magic
  1381 | D:1      | Reached XP level 3. HP: 21/21 MP: 6/8
  2276 | D:2      | Reached XP level 4. HP: 27/27 MP: 8/11
  2558 | D:3      | Found a glowing golden altar of the Shining One.
  2563 | D:3      | Learned a level 3 spell: Flight
  3253 | D:3      | Noticed an ogre
  3256 | D:3      | Reached skill level 6 in Air Magic
  3268 | D:3      | Killed an ogre
  3268 | D:3      | Reached XP level 5. HP: 31/31 MP: 7/14
  4016 | D:4      | Reached XP level 6. HP: 19/36 MP: 1/17
  4269 | D:4      | Reached skill level 7 in Air Magic
  4325 | D:4      | Noticed an ogre
  4363 | D:4      | Killed an ogre
  4645 | D:4      | Reached XP level 7. HP: 35/41 MP: 14/21
  4687 | D:4      | Learned a level 3 spell: Conjure Flame
  5218 | D:5      | Entered Level 5 of the Dungeon
  5248 | D:5      | HP: 2/61 [sky beast (6)]
  5249 | D:5      | Reached skill level 5 in Spellcasting
  5744 | D:5      | Found a burning altar of Makhleb.
  5826 | D:5      | Noticed a two-headed ogre
  5856 | D:5      | Killed a two-headed ogre
  5856 | D:5      | Reached skill level 5 in Conjurations
  5856 | D:5      | Reached XP level 8. HP: 5/46 MP: 10/24
  6315 | D:5      | Learned a level 5 spell: Lightning Bolt
  6357 | D:5      | Slain by a sky beast

Action                   |  1- 3 |  4- 6 |  7- 9 || total
-------------------------+-------+-------+-------++-------
Melee: Unarmed           |       |       |    16 ||    16
 Cast: Shock             |    92 |   126 |    92 ||   310
       Swiftness         |       |     1 |       ||     1
       Conjure Flame     |       |       |     6 ||     6
  Use: Scroll            |       |     2 |       ||     2
       Potion            |       |       |     2 ||     2
